 Dungeon Crawl Stone Soup version 0.24.0-2-g5b39cebb1c (webtiles) character file.

Game seed: 12982706055228686176, levelgen mode: deterministic

722 inmateoo the Skirmisher (level 7, 0/61 HPs)
             Began as a Ghoul Conjurer on Oct 30, 2019.
             Was a Follower of Yredelemnul.
             Slain by an orc priest
             ... wielding a +4 vampiric falchion
              (4 damage)
             ... on level 5 of the Dungeon.
             The game lasted 00:08:02 (4986 turns).

inmateoo the Skirmisher (Ghoul Conjurer)            Turns: 4986, Time: 00:08:02

Health: 0/61       AC:  7    Str: 14    XL:     7   Next: 71%
Magic:  1/9        EV: 12    Int: 14    God:    Yredelemnul [*.....]
Gold:   242        SH:  0    Dex:  9    Spells: 4/10 levels left

rFire    . . .     SeeInvis .     - Unarmed
rCold    + . .     Gourm    .   (no shield)
rNeg     + + +     Faith    .   a - +0 robe
rPois    ∞         Spirit   .   q - +3 helmet of Hopscotch {Int+4 Stlth+}
rElec    .         Reflect  .   (no cloak)
rCorr    .         Harm     .   (no gloves)
MR       .....                  t - +0 pair of boots
Stlth    ++........             (no amulet)
HPRegen  0.00/turn              n - ring of wizardry
MPRegen  0.11/turn              (no ring)

@: confused, very slightly contaminated, rotting, invisible
A: rotting body, claws 1, carnivore, cold resistance 1, negative energy
resistance 3, inhibited regeneration, torment resistance, unbreathing
a: Animate Remains, Renounce Religion


You were on level 5 of the Dungeon.
You worshipped Yredelemnul.
Yredelemnul was aware of your devotion.
You were not hungry.

You visited 1 branch of the dungeon, and saw 5 of its levels.

You collected 242 gold pieces.

Inventory:

Armour
 a - a +0 robe (worn)
 b - a +0 helmet
 d - a +1 hat
 e - a cursed +0 chain mail
 q - the +3 helmet of Hopscotch (worn) {Int+4 Stlth+}
   (You found it on level 4 of the Dungeon)

   It affects your intelligence (+4).
   It makes you more stealthy.
 t - a +0 pair of boots (worn)
Jewellery
 n - a ring of wizardry (left claw)
Wands
 r - a wand of polymorph (3)
Scrolls
 g - 2 scrolls of magic mapping
 h - a scroll of blinking
 i - 2 scrolls of remove curse
 o - a scroll of fear
 p - 3 scrolls of teleportation
Potions
 f - 3 potions of brilliance
 j - 2 potions of magic
 l - a potion of ambrosia
 v - a potion of haste
Comestibles
 c - 8 rations


   Skills:
 + Level 5.2 Fighting
 + Level 0.4 Armour
 + Level 2.1 Dodging
 - Level 3.0 Stealth
 * Level 5.2 Unarmed Combat
 + Level 2.1 Spellcasting
 + Level 4.1 Conjurations


You had 4 spell levels left.
You knew the following spells:

 Your Spells              Type           Power        Failure   Level  Hunger
a - Magic Dart            Conj           ##..         1%          1    ##.....
b - Searing Ray           Conj           ##....       2%          2    ###....
c - Dazzling Spray        Conj/Hex       #.....       12%         3    ####...

Your spell library contained the following spells:

 Spells                   Type           Power        Failure   Level  Hunger
 Iskenderun's Mystic Bla  Conj           ##......     16%         4    #####..
 Force Lance              Conj/Tloc      #.......     36%         4    #####..
 Fulminant Prism          Conj/Hex       #.........   36%         4    #####..


Dungeon Overview and Level Annotations

Branches:
Dungeon (5/15)             Temple (0/1) D:5

Altars:
Dithmenos
Makhleb
Yredelemnul


Innate Abilities, Weirdness & Mutations

Your body is rotting away.
You thrive on raw meat.
You are immune to poison.
You have sharp fingernails.
You are carnivorous and can eat meat at any time.
Your flesh is cold resistant. (rC+)
You are immune to negative energy. (rN+++)
You do not regenerate when monsters are visible.
You are immune to unholy pain and torment.
You can survive without breathing.


Message History

The orc wizard points at you and mumbles some strange words.
The puff of flame hits you!
* * * LOW HITPOINT WARNING * * *
Unknown command.
You fade into invisibility!
The orc wizard points at you and mumbles some strange words.
You are confused.
You are very lightly contaminated with residual magic.
Unknown command.
Unknown command.
Okay, then.
Evoke which item? (* to show all) (? for menu, Esc to quit)
Okay, then.
You're too confused!
Unknown command.
Okay, then.
Unknown command.
The orc priest hits you with a +4 vampiric falchion.
You die...
Yredelemnul claims you as an undead slave.

###......## ##
##.....## ######
#......###....#
#)<......>....#
##............###
#........o.o....#
#...#!#..o.#a##.#
#.#.#.#.##o#....#
#.#.......@...#.....#
. ...##.#.#.#.#o..###
.#....#.#.#....## #..
.....$..## ...
#.>.#.##.# ##
#...#..... ..#....#..
#. .##.# .. ..


You could see an orc priest, an orc wizard and 2 orcs.

Vanquished Creatures
  Sigmund (D:3)
  Menkaure (D:4)
  A sky beast (D:3)
  An orc priest (D:4)
  A hound (D:5)
  A jelly (D:5)
  An orc wizard (D:3)
  Jessica (D:3)
  A worker ant (D:5)
  7 adders
  5 worms
  3 dart slugs
  5 leopard geckos
  7 orcs
  4 giant cockroaches
  7 goblins
  12 hobgoblins
  4 jackals (D:4)
  11 kobolds
  3 quokkas
  7 bats
  5 frilled lizards
  A leopard gecko skeleton (D:4)
  14 rats
104 creatures vanquished.

Notes
Turn   | Place    | Note
-------+----------+-------------------------------------------
     0 | D:1      | inmateoo the Ghoul Conjurer began the quest for the Orb.
     0 | D:1      | Reached XP level 1. HP: 14/14 MP: 2/2
    55 | D:1      | Reached XP level 2. HP: 16/20 MP: 1/3
   376 | D:1      | Reached XP level 3. HP: 26/27 MP: 4/4
   404 | D:1      | Reached skill level 1 in Fighting
   550 | D:1      | Reached skill level 1 in Unarmed Combat
  1262 | D:2      | Reached XP level 4. HP: 15/35 MP: 0/6
  1856 | D:2      | Learned a level 2 spell: Searing Ray
  2302 | D:3      | Noticed Jessica
  2324 | D:3      | Killed Jessica
  2324 | D:3      | Reached XP level 5. HP: 32/41 MP: 2/7
  2526 | D:3      | Found a basalt altar of Yredelemnul.
  2609 | D:3      | Became a worshipper of Yredelemnul the Dark
  2774 | D:3      | Found a shadowy altar of Dithmenos.
  2993 | D:3      | Noticed Sigmund
  3266 | D:4      | HP: 1/43 [orc/+0 hand axe (3)]
  3317 | D:4      | Learned a level 3 spell: Dazzling Spray
  3362 | D:4      | Got a brightly glowing helmet
  3373 | D:4      | Identified the +3 helmet of Hopscotch {Int+4 Stlth+} (You
                  | found it on level 4 of the Dungeon)
  3596 | D:4      | Noticed Menkaure
  3610 | D:4      | Killed Menkaure
  3610 | D:4      | Reached XP level 6. HP: 41/52 MP: 1/8
  3810 | D:4      | Found a burning altar of Makhleb.
  4082 | D:3      | Reached * piety under Yredelemnul
  4117 | D:3      | Noticed a sky beast
  4407 | D:3      | Killed Sigmund
  4407 | D:3      | Reached XP level 7. HP: 39/60 MP: 4/9
  4572 | D:3      | Reached skill level 5 in Fighting
  4572 | D:3      | Reached skill level 5 in Unarmed Combat
  4841 | D:5      | Entered Level 5 of the Dungeon
  4980 | D:5      | Found a staircase to the Ecumenical Temple.
  4986 | D:5      | Slain by an orc priest

Levels and vault maps discovered:
D:1:      dpeg_arrival_lava_temple_mockup, layout_basic, minmay_rat_gold_closets
D:2:      layout_loops_ring, minmay_tetromino_t4
D:3:      layout_loops_cross, lemuel_round_altar, lemuel_doored_altar,
          first_ration, kennysheep_generic_room_7, uniq_jessica, uniq_sigmund
D:4:      layout_cave_pools, marbit_many_paths, uniq_menkaure
D:5:      layout_layer_cave, minmay_temple_entry_ruins

Skill      XL: |  1  2  3  4  5  6  7 |
---------------+----------------------+-----
Dodging        | 2 |  2.1
Spellcasting   | 2 |  2.1
Fighting       | 1 3 4 5 |  5.2
Unarmed Combat | 1 3 4 5 |  5.2
Stealth        | 3 |  3.0
Conjurations   | 4 |  4.1
Armour         | |  0.4

Action                   |  1- 3 |  4- 6 |  7- 9 || total
-------------------------+-------+-------+-------++-------
Melee: Unarmed           |   157 |   245 |    51 ||   453
       Punch             |       |     2 |       ||     2
 Cast: Magic Dart        |    21 |    35 |     3 ||    59
       Searing Ray       |       |     6 |     3 ||     9
       Dazzling Spray    |       |     2 |     5 ||     7
Evoke: Wand              |       |       |     1 ||     1
  Use: Scroll            |     3 |     5 |     6 ||    14
       Potion            |       |     1 |     1 ||     2
 Stab: Sleeping          |     6 |     6 |       ||    12
       Distracted        |       |     1 |       ||     1
       Invisible         |       |       |     1 ||     1
  Eat: Chunk             |     9 |    21 |     5 ||    35
Armor: Robe              |    38 |    59 |    33 ||   130
Dodge: Dodged            |   100 |   169 |    38 ||   307
